elenmirie, chaotic female elven Wizard }}}}}}}}}}}}}}}}}}}}}}}}}}}}}}}}}}}}}} }}}}}}}}}}}}} }}}}}}}}}}}}}}}}}}}}}}}}}}}}}}}}}}}}}} }}}}}}}}}} ------}}}}}}}}}}}}}}}}}}}}}}}}}}}}}}}}}}}}} ---- -}}}}}}}}------- |....|}}}}}}}}}..}.}}..}}}}}}}}}}}}}..}}}}} |... --}}}}}}}|.O... |..`.|.}}}}}}}}}}}.}...}}..}}}}}}}}}}}}}}}} ---......}}}}}.|'S. |....|.}}}}}}- }}}}}}}}}}}}}}}}}}}}}}}}}}---... |}}}}}e.-WA----- |`...|.}}}}}}| }}}}}}}}.}}...}.}}}}.}}}.. ...----}}}}}}.|Mj.... |....|.}}}}}}|....--}}}}} }}}}}}}}}}}}}}}---- ..-|}}}}}}}.|hC----- |....|.}}}}}}} .....}}}}...} }}}.}}}}}}}}}}}---..|--}}}}}.|%M| |..<.|.}}}}}}-....|}}}}}}}------}}}}}}}}}}}}}}|...|*|}}}}}.|N.| |....|.}}}}}}}}}---}}}}}}}...))...}}}}}}}}}}---.|.%..}}}}}.Xuh| |....|.}}}}}}}}}}}}}}}}}}|....|...|}}}}}}}}--.).|---.}}}}}.|D%| |.^..|.}}}}}}..}}}}}}}}}}---..--------}}}}}|..---}}}}}}}}}.|TH| |.%%}|...}}}.}}}}}}...}}}}}|-....%...[...}}%.--}}}}}}}}}}}.|H%| |...}-...}}.}}}}}}}}}}}}}}}|..--------}}}}}}}}}}}}}}...}}}.|@@- |...}|...}}}}}}}..}}}}}}----..| |}}}}}}}}}}}}}}}}}.^}}}.|%@g Y f |....|}}}}}....}}}}..}}.| ... ----}}......}}}}}}.......}}|%HDud q h ------}}}}}}}}}}}}}}}}}}---------}}}}}}}}}}}}}}}}}}}}}}}}}}-------------- }}}}}}}}}}}}}}}}}}}}}}}}}}}}}}}}}}}}}}}}}}}}}}}}}}}}}}}}}}}}}}}}}}}}}}}}}}} }}}}}}}}}}}}}}}}}}}}}}}}}}}}}}}}}}}}}}}}}}}}}}}}}}}}}}}}}}}}}}}}}}}}}}}}}}} elenmirie the Magician Experience level: 12 Strength: 18 Dexterity: 16 Constitution: 16 Intelligence: 19 Wisdom: 17 Charisma: 9 Health: 0(83) Energy: 137(138) Def: 35 Gold: 1541 Moves: 30380 Dungeon seed: w--elqgIkRKYOvD4 Game ID: elenmirie_1465894747 Your Inventory: Coins $ - 1541 gold pieces Weapons m - the uncursed rustproof +7 Magicbane (weapon in hand) Armor n - a blessed rusty +0 dwarvish iron helm (being worn) r - a blessed +3 pair of water walking boots (being worn) z - a blessed +2 pair of leather gloves (being worn) T - an uncursed +0 cloak of magic resistance (being worn) Y - a blessed +1 yellow dragon scale mail (being worn) Comestibles K - an uncursed tin of black dragon meat L - an uncursed tin of blue dragon meat M - an uncursed lizard corpse Scrolls R - an uncursed scroll of scare monster Rings f - an uncursed ring of teleport control (on left hand) Wands b - an uncursed wand of cancellation (0:6) c - an uncursed wand of teleportation (0:4) j - an uncursed wand of sleep (0:3) p - a cursed wand of teleportation (0:5) q - an uncursed wand of light (0:13) t - an uncursed wand of create monster (0:15) D - an uncursed wand of striking (0:6) E - an uncursed wand of fire (0:1) I - an uncursed wand of teleportation (0:4) V - an uncursed wand of magic missile (0:5) Tools e - an uncursed skeleton key u - an uncursed +0 unicorn horn w - a blessed bag of holding F - an uncursed towel J - an uncursed tinning kit (0:88) Gems y - an uncursed luckstone Contents of the bag of holding: 16019 gold pieces a blessed +1 quarterstaff a cursed +0 cloak of displacement an uncursed K-ration 2 uncursed cram rations 5 uncursed food rations 4 uncursed fortune cookies 2 uncursed lembas wafers 2 uncursed lizard corpses 19 uncursed lumps of royal jelly an uncursed tripe ration 2 uncursed scrolls of blank paper 2 uncursed scrolls of confuse monster 2 uncursed scrolls of create monster a cursed scroll of create monster 4 uncursed scrolls of destroy armor 2 uncursed scrolls of earth a cursed scroll of earth an uncursed scroll of enchant weapon a cursed scroll of enchant weapon an uncursed scroll of fire a cursed scroll of food detection an uncursed scroll of gold detection a blessed scroll of identify 2 uncursed scrolls of light a blessed scroll of magic mapping an uncursed scroll of remove curse a blessed scroll of teleportation 6 uncursed scrolls of teleportation a blessed spellbook of force bolt an uncursed spellbook of healing an uncursed spellbook of jumping an uncursed spellbook of knock an uncursed spellbook of protection an uncursed spellbook of sleep a cursed potion of acid a blessed potion of booze 2 uncursed potions of full healing 2 blessed potions of gain energy an uncursed potion of gain level a cursed potion of gain level a blessed potion of healing 3 uncursed potions of healing 2 cursed potions of healing 4 potions of holy water an uncursed potion of levitation a cursed potion of levitation an uncursed potion of object detection an uncursed potion of sleeping a cursed potion of sleeping an uncursed potion of speed 2 potions of unholy water 3 uncursed potions of water an uncursed ring of cold resistance an uncursed ring of cold resistance an uncursed ring of conflict an uncursed +1 ring of gain constitution a cursed -2 ring of gain strength a cursed ring of hunger a cursed ring of hunger an uncursed ring of invisibility a cursed ring of invisibility an uncursed ring of levitation an uncursed ring of levitation an uncursed ring of poison resistance a cursed -1 ring of protection an uncursed ring of see invisible an uncursed ring of slow digestion an uncursed ring of sustain ability an uncursed ring of sustain ability an uncursed ring of teleport control an uncursed wand of create monster (0:12) an uncursed wand of light (0:14) an uncursed wand of nothing (0:6) an uncursed wand of opening (0:4) an uncursed wand of polymorph (0:3) an uncursed wand of secret door detection (0:11) an uncursed wand of slow monster (0:6) an uncursed wand of slow monster (0:3) an uncursed leash 14 uncursed tallow candles (0:200) an uncursed +0 unicorn horn 7 blessed wax candles (0:400) 11 uncursed wax candles (0:400) a cursed wax candle (0:400) an uncursed wooden flute an uncursed luckstone Spells and supernatural/magical abilities: Name Level Category Fail Memory a - force bolt 1 attack 0% 46% g - charging 7 enchantment 100% 23% h - healing 1 healing 0% 46% j - jumping 1 escape 0% 13% k - knock 1 matter 0% 32% l - light 1 divination 0% 82% p - protection 1 clerical 0% 69% u - confuse monster 2 enchantment 0% 46% z - sleep 1 enchantment 0% 32% B - cure blindness 2 healing 0% 87% O - create monster 2* clerical 0% 0% R - restore ability 4 healing 92% 32% V - teleportitis -- ability ? -- W - pray for help -- divine ? -- Your skills at the end: Fighting Skills wands [Basic] Weapon Skills dagger [Expert] quarterstaff [Basic] Spellcasting Skills attack spells [Expert] enchantment spells [Basic] clerical spells [Basic] Final Attributes: You were piously aligned. You were fire resistant. You were cold resistant. You were sleep resistant. You were poison resistant. You were magic-protected. You were acid resistant. You saw invisible. You were telepathic. You had infravision. You could teleport. You had teleport control. You could walk on water. You were protected. You were lucky. You had extra luck. Bad luck did not time out for you. Good luck did not time out for you. You are dead. Vanquished creatures: a titan a gray dragon a shimmering dragon 2 red dragons a white dragon an orange dragon a black dragon 2 blue dragons 3 green dragons a yellow dragon a stone golem an Olog-hai 3 Nazgul 2 titanotheres a trapper a baby gray dragon a baby black dragon a baby blue dragon 2 vampire lords 2 clay golems a lurker above an ettin 2 golden nagas 2 black puddings 2 vampires a ghost a lieutenant a priest 2 queen bees a mind flayer 2 giant mimics a zruty a fire giant an ogre king 10 ice trolls 3 rock trolls an umber hulk 2 flesh golems a doppelganger 3 large mimics a wumpus 2 baby purple worms 2 long worms a couatl 3 stalkers an air elemental 3 fire elementals 2 earth elementals 2 water elementals 2 hill giants a giant mummy a black naga 2 xorns 3 giant zombies a sergeant 3 wargs 3 small mimics a glass piercer a warhorse 3 xans 3 ettin mummies an ogre lord 2 quantum mechanics 25 trolls a wood golem 3 electric eels 3 gelatinous cubes 4 pyrolisks a large dog 3 freezing spheres 2 flaming spheres a shocking sphere 2 large cats 2 tigers 5 gargoyles a dwarf king 2 tengu 2 ochre jellies 5 leocrottas 4 mountain centaurs 5 stone giants 4 elf mummies a human mummy a red naga a green slime 2 pit vipers 2 pythons 3 cobras 3 wraiths 2 carnivorous apes 3 ettin zombies a leather golem 11 soldiers a succubus 2 incubi 3 giant beetles a quivering blob 4 cockatrices 5 wolves 4 winter wolf cubs 3 lynxes a gremlin 2 spotted jellies 43 leprechauns 4 orc-captains 3 mumakil 3 giant spiders 4 scorpions 4 horses 2 ice vortices 4 black lights 7 vampire bats 6 forest centaurs 9 gnome kings 5 orc mummies 3 dwarf mummies 2 ogres 2 brown puddings 5 rust monsters 3 owlbears 3 gold golems a werewolf 3 Green-elves a piranha a giant eel 10 lizards a chickatrice 3 dogs 2 dingos 4 housecats 5 jaguars 2 dwarf lords 5 blue jellies 8 white unicorns 3 gray unicorns 2 dust vortices a raven a plains centaur 3 gnome mummies 4 snakes 4 water moccasins 19 apes 10 human zombies a rope golem 5 Woodland-elves 8 soldier ants 24 bugbears an imp a quasit 4 wood nymphs 2 water nymphs 3 mountain nymphs 2 Mordor orcs 10 Uruk-hai 4 orc shamans 4 rock piercers 6 rock moles 10 ponies 5 fog clouds 4 yellow lights 6 shriekers 5 violet fungi 18 gnome lords 12 gnomish wizards 2 kobold mummies a red naga hatchling 2 black naga hatchlings 2 guardian naga hatchlings 5 gray oozes 4 barrow wights 6 elf zombies 3 ghouls 4 straw golems a paper golem 2 baby crocodiles 9 giant ants 3 little dogs 7 floating eyes a kitten 19 dwarves 2 homunculi 3 kobold lords 4 kobold shamans 25 hill orcs 14 rothes 3 rabid rats 2 centipedes 5 giant bats 6 monkeys an orc zombie 5 dwarf zombies a wererat 3 werejackals 12 iguanas 63 killer bees 6 acid blobs 10 coyotes 5 gas spores 3 hobbits 2 manes 2 large kobolds 29 hobgoblins 4 giant rats 6 cave spiders 5 brown molds a yellow mold 4 green molds 3 red molds 66 gnomes 17 garter snakes a gnome zombie 5 geckos 13 jackals 6 foxes 3 kobolds 6 goblins 4 sewer rats 14 grid bugs 7 bats 9 lichens 5 kobold zombies 19 newts 1058 creatures vanquished. Genocided species: liches demiliches master liches arch-liches Green-elves 5 species genocided. Voluntary challenges: You used a wielded weapon 1295 times, starting on turn 81. You read items or engraved 156 times, starting on turn 751. You genocided 5 types of monsters, starting on turn 23735. You never polymorphed an object. You never changed form. You used no wishes. You split 1 pudding, starting on turn 30119. You wrote Elbereth's name 12 times, starting on turn 1200. You violated your moral code, losing 53 points of alignment, starting on turn 10522. Dungeon overview: The Dungeons of Doom: levels 1 to 28 Level 1 a sink a long staircase Level 2 (closed shop) a potion shop, an altar to Anhur stairs to The Gnomish Mines Level 3 some fountains, a sink Level 4 some fountains Level 5 a fountain Level 6 Level 7 a fountain Level 8 a delicatessen Level 9 many fountains Level 10 some fountains stairs to Sokoban Level 11 Level 12 some fountains Level 13 Level 14 an armor shop, a fountain, a sink Level 15 portal to The Quest Level 16 a fountain Level 17 Level 18 Level 19 Level 20 some fountains Level 21 a general store Level 22 a fountain Level 23 a fountain Level 24 a fountain Level 25 some fountains Level 26 some fountains, a sink Level 27 Level 28 <- You were here The Gnomish Mines: levels 3 to 10 Level 3 stairs to The Dungeons of Doom Level 4 Level 5 Level 6 (spellbook of charging in general store) many shops, a temple to Ptah, some fountains Level 7 Level 8 Level 9 Level 10 a fountain The Quest: Level 1 portal to The Dungeons of Doom Sokoban: levels 6 to 9 Level 6 Level 7 Level 8 Level 9 stairs to The Dungeons of Doom History has recorded: On T:1 you entered the Dungeons of Doom to retrieve the Amulet of Yendor! On T:249 you reached level 2 of The Dungeons of Doom. On T:553 you reached level 3 of The Dungeons of Doom. On T:594 you advanced to experience level 2. On T:854 you reached level 4 of The Dungeons of Doom. On T:1019 you advanced to experience level 3. On T:1343 you reached level 5 of The Dungeons of Doom. On T:1606 you reached level 6 of The Dungeons of Doom. On T:1732 you advanced to experience level 4. On T:1933 you reached level 1 of The Gnomish Mines. On T:2086 you advanced to experience level 5. On T:2357 you reached level 2 of The Gnomish Mines. On T:2506 you advanced to experience level 6. On T:2674 you reached level 3 of The Gnomish Mines. On T:3041 you reached level 4 of The Gnomish Mines. On T:4339 you received Magicbane from Anhur. On T:4756 you advanced to experience level 7. On T:5561 you reached level 7 of The Dungeons of Doom. On T:5966 you reached level 8 of The Dungeons of Doom. On T:6019 you advanced to experience level 8. On T:6307 you reached level 9 of The Dungeons of Doom. On T:6617 you reached level 10 of The Dungeons of Doom. On T:6825 you reached level 4 of Sokoban. On T:7771 you reached level 3 of Sokoban. On T:8992 you reached level 2 of Sokoban. On T:9630 you reached level 1 of Sokoban. On T:10785 you advanced to experience level 9. On T:11750 you reached level 11 of The Dungeons of Doom. On T:14437 you reached level 5 of The Gnomish Mines. On T:15485 you reached level 6 of The Gnomish Mines. On T:15886 you reached level 7 of The Gnomish Mines. On T:16349 you reached level 8 of The Gnomish Mines. On T:16602 you advanced to experience level 10. On T:19330 you reached level 12 of The Dungeons of Doom. On T:19569 you reached level 13 of The Dungeons of Doom. On T:19863 you reached level 14 of The Dungeons of Doom. On T:20391 you reached level 15 of The Dungeons of Doom. On T:20484 you reached level 1 of The Quest. On T:20717 you reached level 16 of The Dungeons of Doom. On T:21534 you reached level 17 of The Dungeons of Doom. On T:22318 you reached level 18 of The Dungeons of Doom. On T:22831 you reached level 19 of The Dungeons of Doom. On T:23346 you advanced to experience level 11. On T:23526 you advanced to experience level 12. On T:23810 you reached level 20 of The Dungeons of Doom. On T:26007 you reached level 21 of The Dungeons of Doom. On T:26750 you reached level 22 of The Dungeons of Doom. On T:27162 you reached level 23 of The Dungeons of Doom. On T:27493 you reached level 24 of The Dungeons of Doom. On T:28127 you reached level 25 of The Dungeons of Doom. On T:28643 you reached level 26 of The Dungeons of Doom. On T:29226 you reached level 27 of The Dungeons of Doom. On T:29671 you reached level 28 of The Dungeons of Doom. Score breakdown: Gold: 17560 (14438 points) Experience: 12 levels (18476 points) Exploration: 28 levels ( 56.00%) (22269 points) Discoveries: 45 items ( 16.07%) (12026 points) Valuables value: (no points given unless you survive) Artifact value: 3500 (12056 points) Variety of kills: 222 monsters ( 57.96%) (22840 points) Turncount: 30380 turns (-4020 points) Survival: died (score multiplied by 80%) Total score: 78468 Latest messages: The titan hits! The warhorse misses Anklebiter. (2x) The titan swings her double-headed axe. The titan hits! You burn into the floor with an uncursed wand of fire. Flames fly from the wand. The winged gargoyle turns to flee! The warhorse misses Anklebiter. (2x) The titan turns to flee! The titan swings her double-headed axe. The titan hits! A mysterious force prevents the gray unicorn from teleporting! Anklebiter bites the warhorse. Anklebiter hits the warhorse. (2x) The warhorse misses Anklebiter. (2x) The titan swings her double-headed axe. The titan hits! You die... Final status: Goodbye elenmirie the Wizard, killed by a titan... You died in The Dungeons of Doom on dungeon level 28 with 78468 points, and 17560 pieces of gold, after 30380 moves. You were level 12 with a maximum of 83 hit points when you died.